 Dungeon Crawl Stone Soup version 0.16.0-8-gd9ae3a8 (webtiles) character file.

834 biguglyfish the Conjurer (level 7, 0/36 HPs)
             Began as a Tengu Wizard on Mar 16, 2015.
             Was an Initiate of Vehumet.
             Slain by a quasit (2 damage)
             ... on level 5 of the Dungeon.
             The game lasted 00:40:27 (5756 turns).

biguglyfish the Conjurer (Tengu Wizard)             Turns: 5756, Time: 00:40:28

Health: 0/36       AC:  2    Str:  8    XL:     7   Next: 98%
Magic:  1/17       EV: 12    Int: 20    God:    Vehumet [......]
Gold:   337        SH:  0    Dex: 12    Spells: 4 memorised, 4 levels left

rFire  . . .     SeeInvis .     l - -2 falchion (curse)
rCold  . . .     Clarity  .     a - +0 robe
rNeg   . . .     SustAb   .     (no shield)
rPois  .         Gourm    .     b - +0 hat
rElec  .         Spirit   .     (no cloak)
rCorr  .         Warding  .     (no gloves)
rMut   .         Stasis   .     (boots unavailable)
MR     .....                    (no amulet)
Stlth  ++........               (no ring)
                                (no ring)

@: not resistant to hostile enchantments, unstealthy
A: able to fly, beak, talons 3
a: Fly, Renounce Religion


You were on level 5 of the Dungeon.
You worshipped Vehumet.
Vehumet was noncommittal.
You were hungry.

You visited 1 branch of the dungeon, and saw 6 of its levels.

You collected 337 gold pieces.

Inventory:

Hand weapons
 f - a +0 dagger
 l - a cursed -2 falchion (weapon)
 u - a +1 dagger of draining
Armour
 a - a +0 robe (worn)
 b - a +0 hat (worn)
 y - a +0 buckler
Scrolls
 g - 2 scrolls of fog
 i - 5 scrolls of identify {unknown}
 k - a scroll of enchant weapon {unknown}
 m - 2 scrolls of amnesia {unknown}
 q - 2 scrolls of recharging
 v - a scroll of blinking {unknown}
 A - 3 scrolls of remove curse {unknown}
 B - 2 scrolls of enchant armour {unknown}
 C - a scroll of random uselessness {unknown}
 D - a scroll of magic mapping {unknown}
Potions
 e - a potion of cancellation {unknown}
 n - a potion of might {unknown}
 p - 2 potions of heal wounds {unknown}
 r - a potion of curing {unknown}
 s - a potion of brilliance {unknown}
 x - a potion of restore abilities
 z - a potion of cure mutation {unknown}
Books
 c - a book of Minor Magic

   Spells                             Type                      Level
   a - Magic Dart                     Conjuration                  1
   b - Blink                          Translocation                2
   c - Call Imp                       Summoning                    2
   d - Repel Missiles                 Charms/Air                   2
   e - Slow                           Hexes                        2
   f - Conjure Flame                  Conjuration/Fire             3
   g - Mephitic Cloud                 Conjuration/Poison/Air       3
Comestibles
 d - 6 bread rations
 h - 3 meat rations
 j - 2 beef jerkies
 t - 3 slices of pizza
 w - 3 fruits


   Skills:
 - Level 2.1 Dodging
 - Level 2.0 Stealth
 - Level 3.7 Spellcasting
 - Level 5.0 Conjurations
   Level 1.2 Summonings
 - Level 0.7 Translocations
 - Level 4.0 Fire Magic
 - Level 5.0 Air Magic
 + Level 4.4 Poison Magic


You had 4 spell levels left.
You knew the following spells:

 Your Spells              Type           Power        Failure   Level  Hunger
a - Magic Dart            Conj           ###.         1%          1    None
b - Conjure Flame         Conj/Fire      ###.....     8%          3    ###....
c - Mephitic Cloud        Conj/Pois/Air  ###.....     8%          3    ###....
d - Blink                 Tloc           N/A          17%         2    ##.....


Dungeon Overview and Level Annotations

Branches:
Dungeon (6/15)
 Temple: D:4-7

Altars:
Fedhas
Gozag
Sif Muna
Vehumet
Yredelemnul
The Shining One

Annotations:
D:6 Edmund


Innate Abilities, Weirdness & Mutations

You can fly.
You have a beak for a mouth.
You have claws for feet.


Message History

The quasit barely misses you.
Casting: Magic Dart
Confirm with . or Enter, or press ? or * to list all spells.
Okay, then.
Read which item? (? for menu, Esc to quit)
You can't read that!
Read which item? (? for menu, Esc to quit)
As you read the scroll labeled THRIOC ETHITEPT, it crumbles to dust.
It is a scroll of recharging.
You aren't carrying any rechargeable items.
The quasit bites you.
* * * LOW HITPOINT WARNING * * *
The quasit closely misses you. x2
Read which item? (? for menu, Esc to quit)
As you read the scroll labeled BYQOHESCHYO, it crumbles to dust.
The scroll dissolves into smoke.
It was a scroll of fog.
The quasit closely misses you.
The quasit claws you but does no damage.
The quasit closely misses you. The quasit bites you.
You die...

### ##.#####
.......########
##.....##.....##
.......##......#
.......##.._...#
......##......§#####
#.............§5@§§#
#....#############§#
.÷O...........># #.#
.#.....#.####### #.#
.#............# #.#
.#.........<#.# #.#
.#.#..##.####.# #.#
O#.#..#.......# #.#
...#..#..###..# #.#


You could see a quasit.

Vanquished Creatures
  Eustachio (D:4)
  The ghost of RobertPalmer the Twirler, an average OpGl (D:4)
  An ogre (D:5)
  An orc priest (D:4)
  5 orc wizards
  An iguana (D:5)
  3 worker ants
  5 adders
  3 gnolls (D:4)
  A shadow imp (D:4)
  A giant mite (D:4)
  2 worms
  4 giant geckos
  An ooze (D:4)
  12 orcs
  14 bats
  A bat zombie (D:5)
  6 giant cockroaches
  12 goblins
  20 hobgoblins
  4 jackals (D:1)
  11 kobolds
  2 quokkas
  A giant gecko skeleton (D:4)
  7 giant newts
  2 gnoll zombies (D:4)
  10 rats
132 creatures vanquished.

Vanquished Creatures (collateral kills)
  An orc wizard (D:5)
1 creature vanquished.

Grand Total: 133 creatures vanquished

Notes
Turn   | Place    | Note
--------------------------------------------------------------
     0 | D:1      | biguglyfish, the Tengu Wizard, began the quest for the Orb.
     0 | D:1      | Reached XP level 1. HP: 10/10 MP: 4/4
   175 | D:1      | Reached XP level 2. HP: 12/15 MP: 0/7
   851 | D:1      | Reached XP level 3. HP: 12/19 MP: 0/8
  1124 | D:1      | Reached skill level 4 in Conjurations
  1825 | D:2      | Reached XP level 4. HP: 21/24 MP: 7/10
  1843 | D:2      | Reached skill level 5 in Conjurations
  1861 | D:2      | Learned a level 3 spell: Conjure Flame
  1865 | D:2      | Learned a level 3 spell: Mephitic Cloud
  1868 | D:2      | Learned a level 2 spell: Blink
  2255 | D:3      | Found a glowing golden altar of the Shining One.
  2266 | D:3      | Reached skill level 1 in Fire Magic
  2392 | D:3      | Reached skill level 1 in Air Magic
  2999 | D:3      | Reached XP level 5. HP: 24/28 MP: 7/13
  3209 | D:4      | Noticed RobertPalmer's ghost (average OpGl)
  3212 | D:4      | Noticed Eustachio
  3218 | D:4      | Killed RobertPalmer's ghost
  3218 | D:4      | Reached XP level 6. HP: 32/32 MP: 4/14
  3835 | D:4      | Killed Eustachio
  3835 | D:4      | Reached XP level 7. HP: 14/36 MP: 3/17
  4082 | D:4      | Reached skill level 5 in Air Magic
  4141 | D:4      | Reached skill level 1 in Poison Magic
  4376 | D:4      | Found a basalt altar of Yredelemnul.
  4603 | D:5      | Entered Level 5 of the Dungeon
  4792 | D:5      | Found a deep blue altar of Sif Muna.
  4867 | D:5      | Found an opulent altar of Gozag.
  4957 | D:5      | Found a blossoming altar of Fedhas.
  5411 | D:5      | Found a radiant altar of Vehumet.
  5417 | D:5      | Became a worshipper of Vehumet
  5609 | D:6      | Noticed Edmund
  5692 | D:5      | HP: 1/36 [quasit (2)]
  5756 | D:5      | Slain by a quasit

Action                   |  1- 3 |  4- 6 |  7- 9 || total
-------------------------+-------+-------+-------++-------
Melee: Dagger            |     8 |       |       ||     8
       Falchion          |       |    19 |     5 ||    24
Throw: Throwing net      |       |       |     1 ||     1
 Cast: Magic Dart        |    89 |   137 |   141 ||   367
       Conjure Flame     |       |     6 |     8 ||    14
       Mephitic Cloud    |       |     2 |     6 ||     8
       Blink             |       |       |     3 ||     3
  Use: Scroll            |       |       |     2 ||     2
       Potion            |       |       |     1 ||     1
  Eat: Chunk             |     2 |     7 |     6 ||    15
       Fruit             |       |       |     1 ||     1
